cohdb
Replays
Latest Replays
All Replays
Popular Replays
Top Player Replays
Match Explorer
How It Works
Community
CoH3 Stats
Reddit
Sign in to upload your games and track your stats! →
Sign in with Steam
Match 24317548
Unlisted
Match 24317548
Overview
Messages
Build Orders
End
Selects Advanced Infantry Battlegroup
Construct Barracks
Riflemen Squad
Riflemen Squad
Riflemen Squad
Air Support Center
Selects Convert to Ranger Squad
Convert to Ranger Squad
Construct Motor Pool
M1918 Browning Automatic Rifles
Convert to Ranger Squad
M1 Anti-tank Gun Team
Selects Frontline Medical Station
Frontline Medical Station
Convert to Ranger Squad
Construct Tank Depot
Selects Infantry Assault
P-47 Strafing Run
Selects Ammunition Storage
M4(105) Sherman Bulldozer
Infantry Assault
Ranger Squad
P-47 Dive Bomb
M18 Hellcat Tank Destroyer
Selects M2A1 105mm Howitzer Emplacement
iceman
4leches
LeonSM
Northwind
GTx SP1TF1RE
FromBerlin
Gerridwen
Odbyteusz
0
0
Comments
sign in to comment!
No comments posted yet!